 Dungeon Crawl Stone Soup version 0.26-a0-812-g31a745ddcd (webtiles) character file.

Game seed: 1982461698803090750

387 kae the Insei (level 6, -1/36 HPs)
             Began as a Tengu Transmuter on Nov 20, 2020.
             Slain by Eustachio
             ... wielding a +0 falchion of flaming
              (4 damage)
             ... on level 5 of the Dungeon.
             The game lasted 00:02:38 (3611 turns).

kae the Insei (Tengu Transmuter)                    Turns: 3611, Time: 00:02:38

Health: -1/36      AC:  9    Str: 12    XL:     6   Next: 78%
Magic:  20/20      EV: 12    Int: 14    God:
Gold:   140        SH:  0    Dex: 14    Spells: 6/10 levels left

rFire    . . .     SeeInvis .     - Unarmed
rCold    . . .     Faith    .   (no shield)
rNeg     . . .     Spirit   .   i - +3 scale mail
rPois    .         Reflect  .   (helmet restricted)
rElec    .         Harm     .   (no cloak)
rCorr    .         Rampage  .   (no gloves)
MR       .....                  (boots unavailable)
Stlth    ..........             (no amulet)
HPRegen  0.12/turn              d - ring of magical power
MPRegen  0.17/turn              (no ring)

@: flying quickly and evasively, very slightly contaminated, invisible, quick
A: beak, talons 3, able to fly
a: Stop Flying


You were on level 5 of the Dungeon.
You visited 1 branch of the dungeon, and saw 5 of its levels.

You collected 140 gold pieces.

Inventory:

Armour
 a - a +0 robe
 i - a +3 scale mail (worn)
Jewellery
 d - a ring of magical power (left hand)
 e - an uncursed amulet of faith
Wands
 h - a wand of polymorph (12)
Scrolls
 b - 3 scrolls of identify
 c - a scroll of fog
Potions
 k - 3 potions of curing


   Skills:
 + Level 2.3 Fighting
 + Level 2.2 Armour
 + Level 3.3 Dodging
 * Level 4.9 Unarmed Combat
 + Level 2.9 Spellcasting
 * Level 3.2 Transmutations


You had 6 spell levels left.
You knew the following spells:

 Your Spells              Type           Power        Failure   Level
a - Beastly Appendage     Tmut           ##....       30%         1
b - Spider Form           Tmut/Pois      #.........   87%         3

Your spell library contained the following spells:

 Spells                   Type           Power        Failure   Level
 Wereblood                Tmut           ##......     41%         2
 Ice Form                 Ice/Tmut       #.......     99%         4
 Blade Hands              Tmut           ##........   100%        5


Dungeon Overview and Level Annotations

Branches:
Dungeon (6/15)
 Temple: D:4-7

Altars:

Shops:
D:5 ?

Annotations:
D:5 Eustachio


Innate Abilities, Weirdness & Mutations

You have a beak for a mouth.
You have claws for feet.
You can fly continuously.


Message History

The leopard gecko closely misses you.
Eustachio hits you with a +0 falchion of flaming.
* * * LOW HITPOINT WARNING * * *
Eustachio burns you.
* * * LOW HITPOINT WARNING * * *
The frilled lizard barely misses you.
You barely miss Eustachio. Your kick misses Eustachio.
Your peck misses Eustachio.
Eustachio is severely wounded.
The leopard gecko closely misses you. Eustachio closely misses you.
You barely miss Eustachio. You claw Eustachio!
Eustachio is almost dead.
The leopard gecko closely misses you. The frilled lizard barely misses you.
The leopard gecko bites you.
* * * LOW HITPOINT WARNING * * *
You strike the helpless Eustachio from behind!
You hit Eustachio.
Eustachio is almost dead.
Eustachio hits you with a +0 falchion of flaming.
You die...

..# #.###. ####.#.#
......... ...#......##
... ....# #..#........
#.###.#.# #@.#......##
#.......#####..#.......#
#.......#......#.......#
#.......#......#ll.....#
.>......#......#@......#
#..............@.......#
#.......#####..#.......#
#####.#.# #..#.......#
#.#... .............
...........#.......#
...#######..#########
.∩..# #..# ####. ...#


You could see Eustachio, a leopard gecko and a frilled lizard.

Vanquished Creatures
  2 ogres
  A jelly (D:5)
  A hound (D:6)
  Terence (D:2)
  Robin (D:2)
  6 adders
  2 oozes
  2 leopard geckos (D:1)
  2 giant cockroaches (D:1)
  12 goblins
  10 hobgoblins
  4 jackals (D:2)
  5 kobolds
  A ball python (D:2)
  3 bats
  A frilled lizard (D:2)
  6 rats
60 creatures vanquished.

Notes
Turn   | Place    | Note
-------+----------+-------------------------------------------
     0 | D:1      | kae the Tengu Transmuter began the quest for the Orb.
     0 | D:1      | Reached XP level 1. HP: 12/12 MP: 4/4
   390 | D:1      | Reached XP level 2. HP: 16/16 MP: 6/6
  1090 | D:2      | Noticed Robin
  1406 | D:1      | Reached XP level 3. HP: 6/20 MP: 7/7
  1411 | D:1      | Learned a level 3 spell: Spider Form
  1664 | D:2      | Killed Robin
  2314 | D:2      | Noticed Terence
  2337 | D:2      | Killed Terence
  2337 | D:2      | Reached skill level 1 in Armour
  2337 | D:2      | Reached skill level 4 in Unarmed Combat
  2337 | D:2      | Reached XP level 4. HP: 5/25 MP: 8/8
  3094 | D:2      | Gained mutation: You can fly continuously. [Tengu growth]
  3094 | D:2      | Reached XP level 5. HP: 29/29 MP: 9/9
  3294 | D:3      | You are sucked into a shaft and drop 3 floors!
  3301 | D:6      | Noticed an ogre
  3305 | D:6      | HP: 1/30 [ogre/+0 giant club (12)]
  3307 | D:6      | Killed an ogre
  3307 | D:6      | Reached XP level 6. HP: 1/35 MP: 11/11
  3508 | D:5      | Entered Level 5 of the Dungeon
  3508 | D:5      | Noticed an ice beast
  3575 | D:5      | Found Niupn's Magic Scroll Emporium.
  3583 | D:5      | Noticed Eustachio
  3611 | D:5      | Slain by Eustachio

Illustrated notes

Levels and vault maps discovered:
D:1:      giann_wishing_wells, layout_basic, wad_floor_pattern_1
D:2:      layout_rooms, kennysheep_generic_room_4, uniq_terence, uniq_robin
D:3:      layout_basic, st_stairs_13
D:5:      layout_basic, serial_shops, shop, minmay_misc_feat_tiny, tgw_trog,
          uniq_eustachio, uniq_prince_ribbit1, uniq_ijyb
D:6:      layout_basic, gammafunk_temple_overflow_claw,
          nicolae_overflow_quartered_altars, minmay_temple_entry_nine_rooms,
          gammafunk_ghost_cemetery, basic_altar, nicolae_ossuary_entry_monument,
          serial_co_window_serial, co_window_of_opportunity_a,
          co_window_corner_a, co_window_of_opportunity_a, co_window_paths_b,
          co_window_paths_a, co_window_corner_a, co_window_cross_1,
          co_window_corner_a, co_window_paths_a, co_window_corner_b,
          co_window_corner_ca, co_window_corner_b, co_window_corner_b,
          co_window_paths_d, glass_columns_c, glass_columns_a

Skill      XL: |  1  2  3  4  5  6 |
---------------+-------------------+-----
Transmutations | 2 3 |  3.2
Armour         | 1 2 |  2.2
Unarmed Combat | 4 |  4.9
Fighting       | 2 |  2.3
Dodging        | 3 |  3.3
Spellcasting   | |  2.9

Action                   |  1- 3 |  4- 6 || total
-------------------------+-------+-------++-------
Melee: Unarmed           |    98 |   103 ||   201
       Kick              |     9 |    22 ||    31
       Peck              |     6 |     7 ||    13
       Headbutt          |     1 |       ||     1
       Punch             |       |     1 ||     1
 Cast: Beastly Appendage |    13 |     2 ||    15
       Spider Form       |     4 |       ||     4
 Abil: Fly               |       |     1 ||     1
  Use: Potion            |       |     3 ||     3
       Scroll            |       |     5 ||     5
 Stab: Sleeping          |     1 |       ||     1
       Invisible         |       |     3 ||     3
Armor: Robe              |    12 |       ||    12
       Scale mail        |       |    41 ||    41
       Skin              |       |     4 ||     4
Dodge: Dodged            |    70 |    74 ||   144

Table legend: (Time is in decaauts)
 A = Elapsed time spent in this place.
 B = Non-inter-level travel time spent in this place.
 C = Inter-level travel time spent in this place.
 D = Time resting spent in this place.
 E = Time spent auto-exploring this place.
 F = Levels seen in this place.
 G = Mean time per level.
                   A        B        C        D        E       F      G
               +--------+--------+--------+--------+--------+-----+--------+
         Total |   3560 |   3487 |     73 |    789 |   2129 |   5 |  712.0 |
       Dungeon |   3560 |   3487 |     73 |    789 |   2129 |   5 |  712.0 |
               +--------+--------+--------+--------+--------+-----+--------+

Top non-repeatable levels by time:
     D:1: 1849 daAuts
     D:2: 1378 daAuts
     D:6: 252 daAuts
     D:5: 45 daAuts
     D:3: 34 daAuts
